 Dungeon Crawl Stone Soup version 0.19.1-1-g22dce08 (webtiles) character file.

1740 Oxelix the Spear-Bearer (level 8, -5/74 HPs)
             Began as a Troll Fighter on Dec 29, 2016.
             Was a Follower of Okawaru.
             Slain by a killer bee (6 damage)
             ... on level 7 of the Dungeon.
             The game lasted 00:32:39 (6448 turns).

Oxelix the Spear-Bearer (Troll Fighter)             Turns: 6448, Time: 00:32:40

Health: -5/74      AC:  9    Str: 27    XL:     8   Next: 77%
Magic:  7/7        EV:  7    Int:  4    God:    Okawaru [*.....]
Gold:   422        SH:  9    Dex:  9    Spells: 0 memorised, 7 levels left

rFire  + . .     SeeInvis .     j - +2 trident (protect)
rCold  + . .     Gourm    +     a - +0 robe
rNeg   . . .     Faith    .     b - +1 shield
rPois  +         Spirit   .     (helmet restricted)
rElec  +         Reflect  .     (no cloak)
rCorr  +         Harm     .     (gloves unavailable)
MR     .....                    (boots unavailable)
Stlth  +.........               t - amulet of regeneration
                                x - ring of resist corrosion
                                g - +4 ring of protection

@: lethally poisoned (-5 -> -6), about to teleport, resistant, drained
A: unfitting armour, claws 3, fast metabolism 3, gourmand, regeneration 1,
shaggy fur 1, tough skin 2
a: Heroism, Renounce Religion


You were on level 7 of the Dungeon.
You worshipped Okawaru.
Okawaru was aware of your devotion.
You were not hungry.

You visited 2 branches of the dungeon, and saw 8 of its levels.
You also visited: Sewer.

You collected 422 gold pieces.

Inventory:

Hand Weapons
 j - a +2 trident of protection (weapon)
Armour
 a - a +0 robe (worn)
 b - a +1 shield (worn)
Magical Staves
 v - an uncursed staff of air
Jewellery
 g - a +4 ring of protection (left claw)
 n - an uncursed amulet of rage
 t - an amulet of regeneration (around neck)
 x - a ring of resist corrosion (right claw)
Wands
 r - a wand of iceblast (7/15)
 s - a wand of lightning (9/15)
 y - a wand of paralysis (14/24)
Scrolls
 f - 5 scrolls of remove curse
 h - 2 scrolls of fog
 l - a scroll of magic mapping
 o - 3 scrolls of identify
Potions
 c - 2 potions of might
 e - 7 potions of curing
 k - a potion of cure mutation {unknown}
 m - 2 potions of flight
 p - 2 potions of brilliance
 w - a potion of resistance
Comestibles
 d - 7 bread rations
 i - 2 beef jerkies


   Skills:
 - Level 2.9(1.9) Fighting
 * Level 8.9(7.7) Polearms
 - Level 2.8(1.8) Dodging
 - Level 0.1(0.0) Stealth
 - Level 2.7(1.7) Shields
 - Level 2.4(1.4) Unarmed Combat


You had 7 spell levels left.
You didn't know any spells.

Dungeon Overview and Level Annotations

Branches:
Dungeon (7/15)             Temple (1/1) D:4

Altars:
Ashenzari
Cheibriados
Dithmenos
Elyvilon
Fedhas
Gozag
Hepliaklqana
Kikubaaqudgha
Makhleb
Nemelex Xobeh
Okawaru
Qazlal
Ru
Sif Muna
Trog
Uskayaw
Vehumet
Xom
Yredelemnul
Zin
The Shining One


Innate Abilities, Weirdness & Mutations

You are too large for most types of armour.
You have claws for hands.
Your metabolism is lightning-fast.
You like to eat raw meat.
Your natural rate of healing is unusually fast.
You are covered in fur. (AC +1)
You have very tough skin. (AC +2)


Message History

The killer bee barely misses you. You block the killer bee's attack.
You feel better. You block the killer bee's attack. x2
The killer bee stings you.
* * * LOW HITPOINT WARNING * * *
The killer bee stings you but does no damage.
The killer bee stings you!
* * * LOW HITPOINT WARNING * * *
The killer bee stings you.
* * * LOW HITPOINT WARNING * * *
The killer bee stings you but does no damage.
You block the killer bee's attack. The killer bee barely misses you.
The killer bee stings you but does no damage.
You feel better. You block the killer bee's attack. The killer bee stings you.
* * * LOW HITPOINT WARNING * * *
You block the killer bee's attack. x2; The killer bee stings you.
* * * LOW HITPOINT WARNING * * *
You are lethally poisoned!
The killer bee poisons you! The killer bee barely misses you.
The killer bee closely misses you. The killer bee stings you.
You die...

#.########.##.........#
...........###........#
#.#..####### #........#
#.#..#########........##
.........[..............
#.#..######...........##.
#.#..# #...........#
#.#..# #.....S..####
#....# #....y@yS# ####.#
#....yyya# #.# #.....h..#
.# ######Z### #y.......
#........ #........
#........ ###..####


You could see a water moccasin, a hound, a worker ant, 6 killer bees, an adder
and a hound zombie.

Vanquished Creatures
  2 sky beasts (D:5)
  A necrophage (D:6)
  6 ogres
  A centaur (D:6)
  2 scorpions
  3 wights (D:7)
  A bullfrog zombie (D:6)
  2 hounds
  A jelly (D:5)
  An orc wizard (D:3)
  8 worker ants
  A hound skeleton (D:5)
  12 adders
  5 river rats
  2 oozes
  An adder skeleton (D:6)
  A worm (D:5)
  7 leopard geckos
  17 orcs
  7 ball pythons
  7 bats
  10 giant cockroaches
  2 goblins
  7 hobgoblins
  3 jackals (D:5)
  26 kobolds
  3 quokkas
  A ball python skeleton (D:5)
  10 frilled lizards
  A jackal skeleton (D:5)
  26 rats
177 creatures vanquished.

Notes
Turn   | Place    | Note
-------+----------+-------------------------------------------
     0 | D:1      | Oxelix the Troll Fighter began the quest for the Orb.
     0 | D:1      | Reached XP level 1. HP: 22/22 MP: 0/0
   123 | D:1      | Found a shattered altar of Ashenzari.
   354 | D:1      | Reached XP level 2. HP: 29/29 MP: 1/1
   738 | D:2      | Reached XP level 3. HP: 33/36 MP: 2/2
  1123 | D:2      | Reached XP level 4. HP: 44/44 MP: 3/3
  1131 | D:2      | Reached skill level 1 in Polearms
  1577 | D:3      | Reached skill level 2 in Polearms
  1670 | D:3      | Reached XP level 5. HP: 52/52 MP: 4/4
  2240 | D:4      | Reached skill level 3 in Polearms
  2455 | D:4      | Noticed an ogre
  2476 | D:4      | Killed an ogre
  2476 | D:4      | Reached skill level 4 in Polearms
  2476 | D:4      | Reached XP level 6. HP: 28/59 MP: 5/5
  2672 | D:4      | Found a glowing drain.
  2676 | Sewer    | Entered a sewer
  3552 | D:4      | Reached skill level 5 in Polearms
  3552 | D:4      | Reached XP level 7. HP: 63/66 MP: 6/6
  3568 | D:4      | Found a staircase to the Ecumenical Temple.
  3586 | Temple   | Entered the Ecumenical Temple
  3792 | Temple   | Became a worshipper of Warmaster Okawaru
  4186 | D:5      | Entered Level 5 of the Dungeon
  4410 | D:5      | Reached skill level 6 in Polearms
  4879 | D:5      | Reached * piety under Okawaru
  4879 | D:5      | Reached skill level 7 in Polearms
  4879 | D:5      | Reached XP level 8. HP: 66/74 MP: 7/7
  5616 | D:6      | Reached skill level 8 in Polearms
  6448 | D:7      | HP: 1/74 [killer bee (6)]
  6448 | D:7      | Slain by a killer bee

Skill      XL: |  1  2  3  4  5  6  7  8 |
---------------+-------------------------+-----
Polearms       | 2 4 5 7 8 |  8.9
Fighting       | |  2.9
Dodging        | |  2.8
Stealth        | |  0.1
Shields        | |  2.7
Unarmed Combat | |  2.4

Action                   |  1- 3 |  4- 6 |  7- 9 || total
-------------------------+-------+-------+-------++-------
Melee: Unarmed           |    68 |       |       ||    68
       Trident           |    24 |   322 |   244 ||   590
 Abil: Evoke Berserk Rag |       |       |     1 ||     1
  Use: Potion            |     4 |     8 |     5 ||    17
       Scroll            |     1 |     6 |     7 ||    14
 Stab: Sleeping          |     1 |       |       ||     1
  Eat: Chunk             |    14 |    23 |    18 ||    55
       Meat ration       |       |       |     1 ||     1
Armor: Robe              |    41 |   179 |    90 ||   310
Dodge: Dodged            |    41 |   159 |    76 ||   276
Block: Shield            |    49 |   194 |   120 ||   363
